 Dungeon Crawl Stone Soup version 0.28.0-53-g5a82cb258f (webtiles) character file.

Game seed: 14019372566720367161

235276 Peloso the Hoplite (level 18, -4/173 HPs)
             Began as a Minotaur Fighter on Aug 14, 2022.
             Was the Champion of Okawaru.
             Killed from afar by a deep elf annihilator (39 damage)
             ... with an iron shot
             ... on level 3 of the Elven Halls.
             The game lasted 02:10:46 (45967 turns).

Peloso the Hoplite (Minotaur Fighter)              Turns: 45967, Time: 02:10:46

Health: -4/173     AC: 62    Str: 30    XL:     18   Next: 90%
Magic:  27/28      EV: 12    Int:  8    God:    Okawaru [******]
Gold:   3194       SH: 19    Dex: 12    Spells: 17/17 levels left

rFire   + + .      SeeInvis .   a - +4 demon blade of Joyful Slaughter {pain, Fly rC+}
rCold   + + +      Faith    +   d - +2 shield of Resistance {rF++ rC++ Will++}
rNeg    . . .      Spirit   .   f - +20 crystal plate armour "Sougaut" {+Blink rPois Will+ Int+3}
rPois   +          Reflect  .   g - +2 hat
rElec   .          Harm     .   w - +2 cloak {Stlth+}
rCorr   +          Rampage  .   T - +0 pair of gloves of Fun and Games {Regen+ rCorr Str+3}
Will    ++++.                   i - +0 pair of boots
Stlth   ..........              Z - amulet of Iceluat {Faith Slay+5}
HPRegen 1.18/turn               Y - ring "Eteles" {MP+9 AC+4}
MPRegen 0.21/turn               V - ring "Quciy" {Wiz rC+}

@: heroic, flying
A: horns 2, retaliatory headbutt, mutation resistance 1
}: 1/15 runes: barnacled
a: Renounce Religion, Evoke Blink, Heroism, Finesse, Duel


You were on level 3 of the Elven Halls.
You worshipped Okawaru.
Okawaru was exalted by your worship.
You visited 7 branches of the dungeon, and saw 33 of its levels.
You also visited: Ossuary, Gauntlet and Ice Cave.

You collected 3332 gold pieces.
You spent 138 gold pieces at shops.

Inventory:

Hand Weapons
 a - the +4 demon blade of Joyful Slaughter (weapon) {pain, Fly rC+}
   (Okawaru gifted it to you on level 12 of the Dungeon)

   In the hands of one skilled in necromantic magic, it inflicts extra damage on
   living creatures.
   rC:        It protects you from cold.
   Fly:       It grants you flight.
 b - a +4 scimitar of flaming
 c - a +1 double sword of electrocution
Armour
 d - the +2 shield of Resistance (worn) {rF++ rC++ Will++}
   (You took it off a deep elf high priest on level 3 of the Elven Halls)

   rF:        It greatly protects you from fire.
   rC:        It greatly protects you from cold.
   Will:      It greatly increases your willpower.
 f - the +20 crystal plate armour "Sougaut" (worn) {+Blink rPois Will+ Int+3}
   (Okawaru gifted it to you on level 14 of the Dungeon)

   Int:       It affects your intelligence (+3).
   rPois:     It protects you from poison.
   +Blink:    It lets you blink.
   Will:      It increases your willpower.
 g - a +2 hat (worn)
 i - a +0 pair of boots (worn)
 k - +2 storm dragon scales {Bai Suzhen}
 u - the +6 kite shield of the Locust {Str+5}
   (Okawaru gifted it to you on level 3 of the Elven Halls)

   Str:       It affects your strength (+5).
 w - a +2 cloak of stealth (worn)
 T - the +0 pair of gloves of Fun and Games (worn) {Regen+ rCorr Str+3}
   (Okawaru gifted it to you on level 2 of the Spider Nest)

   Str:       It affects your strength (+3).
   Regen:     It increases your rate of health regeneration.
   rCorr:     It protects you from acid and corrosion.
Jewellery
 e - a ring of poison resistance
 t - the ring of the Hare {EV+8}
   (You took it off a deep elf archer on level 3 of the Elven Halls)

   [ring of evasion]

   EV:        It affects your evasion (+8).
 v - an amulet of reflection
 y - the ring "Vodosen" {EV+4 Slay+3}
   (You took it off a deep elf demonologist on level 3 of the Elven Halls)

   [ring of evasion]

   EV:        It affects your evasion (+4).
   Slay:      It affects your accuracy & damage with ranged weapons and melee
   (+3).
 B - a ring of protection from fire
 P - the amulet of Lust {rElec rN++ Regen+ Dex-4 Stlth+}
   (You found it on level 1 of the Lair of Beasts)

   [amulet of regeneration]

   Dex:       It affects your dexterity (-4).
   rElec:     It insulates you from electricity.
   rN:        It greatly protects you from negative energy.
   Regen:     It increases your rate of health regeneration.
   Stlth:     It makes you more stealthy.
 V - the ring "Quciy" (right hand) {Wiz rC+}
   (You found it in a Gauntlet)

   [ring of wizardry]

   It improves your spell success rate.
   rC:        It protects you from cold.
 Y - the ring "Eteles" (left hand) {MP+9 AC+4}
   (You found it in a Gauntlet)

   [ring of protection]

   AC:        It affects your AC (+4).
   MP:        It affects your magic capacity (+9).
 Z - the amulet of Iceluat (around neck) {Faith Slay+5}
   (You found it in a Gauntlet)

   [amulet of faith]

   It allows you to gain divine favour quickly.
   Slay:      It affects your accuracy & damage with ranged weapons and melee
   (+5).
Wands
 h - a wand of digging (4)
 j - a wand of iceblast (6)
 l - a wand of paralysis (7)
 p - a wand of polymorph (2)
Scrolls
 m - a scroll of blinking
 o - 7 scrolls of fear
 r - 4 scrolls of immolation
 x - a scroll of magic mapping
 C - a scroll of noise
 E - 15 scrolls of teleportation
 N - 17 scrolls of identify
Potions
 n - a potion of invisibility
 q - 27 potions of curing
 s - 10 potions of haste
 J - 2 potions of berserk rage
 K - 4 potions of might
 S - a potion of mutation
 U - a potion of heal wounds


   Skills:
 + Level 18.6(23.6) Fighting
 + Level 20.7(25.7) Long Blades
 + Level 17.8(22.8) Armour
 + Level 7.6(12.6) Dodging
 + Level 3.1(8.1) Stealth
 + Level 23.6(27) Shields
 + Level 3.9 Invocations
 + Level 1.6 Evocations


You had 17 spell levels left.
You didn't know any spells.
Your spell library contained the following spells:

 Spells                   Type           Power      Damage    Failure   Level
 Apportation              Tloc           0%         N/A       77%         1
 Freeze                   Ice            0%         1d3       77%         1
 Magic Dart               Conj           0%         1d3       77%         1
 Sandblast                Erth           0%         2d4       77%         1
 Shock                    Conj/Air       0%         1d3       77%         1
 Sting                    Tmut/Pois      0%         1d3       77%         1
 Passwall                 Tmut/Erth      0%         N/A       87%         2
 Poisonous Vapours        Pois/Air       0%         N/A       87%         2
 Confusing Touch          Hex            0%         N/A       98%         3
 Frozen Ramparts          Ice            0%         1d2       98%         3
 Mephitic Cloud           Conj/Pois/Air  0%         N/A       98%         3
 Ozocubu's Armour         Ice            0%         N/A       98%         3
 Portal Projectile        Hex/Tloc       0%         N/A       98%         3
 Stone Arrow              Conj/Erth      0%         3d7       98%         3
 Swiftness                Air            0%         N/A       98%         3
 Airstrike                Air            0%         N/A       100%        4
 Fulminant Prism          Conj/Hex       0%         3d6       100%        4
 Hailstorm                Conj/Ice       0%         3d3       100%        4
 Iskenderun's Mystic Bla  Conj/Tloc      0%         2d3       100%        4
 Leda's Liquefaction      Hex/Erth       0%         N/A       100%        4
 Olgreb's Toxic Radiance  Pois           0%         N/A       100%        4
 Passage of Golubria      Tloc           0%         N/A       100%        4
 Blade Hands              Tmut           0%         N/A       100%        5
 Borgnjor's Vile Clutch   Necr/Erth      0%         N/A       100%        5
 Excruciating Wounds      Necr           0%         N/A       100%        5
 Lee's Rapid Deconstruct  Erth           0%         3d5*      100%        5
 Metabolic Englaciation   Hex/Ice        0%         N/A       100%        5
 Yara's Violent Unravell  Hex/Tmut       0%         3d3       100%        5
 Statue Form              Tmut/Erth      0%         N/A       100%        6
 Enfeeble                 Hex            0%         N/A       100%        7
 Orb of Destruction       Conj           0%         9d5       100%        7
 Animate Skeleton         Necr           Unusable   N/A       N/A         1
 Summon Small Mammal      Summ           Unusable   N/A       N/A         1
 Call Imp                 Summ           Unusable   N/A       N/A         2
 Summon Guardian Golem    Hex/Summ       Unusable   N/A       N/A         3
 Tukima's Dance           Hex            Unusable   N/A       N/A         3
 Animate Dead             Necr           Unusable   N/A       N/A         4
 Death Channel            Necr           Unusable   N/A       N/A         6
 Simulacrum               Ice/Necr       Unusable   N/A       N/A         6
 Spellforged Servitor     Conj/Summ      Unusable   N/A       N/A         7

Dungeon Overview and Level Annotations

Branches:
Dungeon (15/15)            Temple (1/1) D:6            Lair (6/6) D:11
 Shoals (4/4) Lair:4       Spider (2/4) Lair:2        Slime (0/5) Lair:5
    Orc (2/2) D:11            Elf (3/3) Orc:2        Vaults (0/5) D:14
 Depths (0/4) D:15        Ossuary (visited)           IceCv (visited)
Gauntlet (visited)

Altars:
Ashenzari
Dithmenos
Elyvilon
Fedhas
Makhleb
Nemelex Xobeh
Okawaru
Qazlal
Ru
Sif Muna
Trog
Uskayaw
Vehumet
Wu Jian
Xom
Yredelemnul
Zin
The Shining One
Beogh
Jiyva
Lugonu

Shops:
D:11 *   D:12 :   D:13 (   Orc:2 [(:*   Shoals:2 **

Portals:
Abyss: Shoals:1
Trove: D:12 (show abyssal rune of Zot)

Annotations:
Shoals:1 1 runed translucent door
Orc:2 Casa
Elf:2 3 runed translucent doors
Elf:3 invisible, Donald


Innate Abilities, Weirdness & Mutations

You have a pair of horns on your head.
You reflexively headbutt those who attack you in melee.
You are somewhat resistant to further mutation.


Message History

The deep elf annihilator mumbles some strange words.
The deep elf annihilator blinks!
You gain the combat prowess of a mighty hero.
The deep elf high priest utters a dark prayer and points at you.
Your life force is offered up.
* * * LOW HITPOINT WARNING * * *
The deep elf annihilator is healed.
The deep elf annihilator gestures wildly while chanting.
The deep elf annihilator blinks!
You slash the deep elf high priest!
The deep elf high priest is moderately wounded.
The deep elf high priest utters a dark prayer and points at you.
Your life force is offered up.
* * * LOW HITPOINT WARNING * * *
The deep elf annihilator is healed.
The deep elf high priest is healed.
The deep elf annihilator casts a spell at you.
You block the poison arrow.
You barely miss the deep elf high priest.
The deep elf high priest is lightly wounded.
The deep elf high priest utters a dark prayer and points at you.
Your life force is offered up.
* * * LOW HITPOINT WARNING * * *
The deep elf annihilator is healed.
The deep elf high priest is healed.
Unknown command.
You feel much better.
The deep elf annihilator gestures at you while chanting.
The iron shot hits you but does no damage.
The deep elf high priest mumbles some strange prayers to its god.
The deep elf high priest begins emitting a brilliant aura!
The deep elf annihilator is empowered by the deep elf high priest's aura!
Unknown command.
You hit the deep elf high priest. You headbutt the deep elf high priest.
The deep elf high priest is lightly wounded.
Unknown command.
You closely miss the deep elf high priest.
Your headbutt misses the deep elf high priest.
The deep elf high priest is lightly wounded.
The deep elf annihilator points at you and mumbles some strange words.
The iron shot hits you!!!
You die...

.........# .......
.........# .....
..e......# ....
#'#######'#
###.........###
#.........)...#
#.........)...#
##.............##
##..[......e@.e..##
#.......###.).....#
#......## ##.)....#
#.....## ##[....#
#.....# #.....#
#.....## ##)....#
#......## ##..)...#
#.......###.......#
##...............##


You could see a deep elf annihilator (empowered) and a deep elf high priest
(brilliance aura).

Vanquished Creatures
  Bai Suzhen (Elf:2)
  Rupert (Lair:6)
  Asterion (Spider:2)
  A deep elf blademaster (Elf:2)
  3 deep elf master archers (Elf:3)
  Polyphemus (Shoals:2)
  Kirke (D:14)
  Agnes (D:14)
  Roxanne (D:14)
  7 deep elf sorcerers
  A frost giant (Shoals:3)
  An emperor scorpion (Spider:2)
  A ghost moth (Spider:1)
  An orc warlord (Orc:1)
  The ghost of Kuralita the Martial Artist, a journeyman OpTm of Makhleb (D:15)
  5 deep elf elementalists (Elf:3)
  A very ugly thing (IceCv)
  3 reapers (IceCv)
  Nessos (D:12)
  4 deep elf demonologists (Elf:3)
  3 deep elf annihilators
  3 entropy weavers
  Azrael (Elf:1)
  5 spark wasps
  A minotaur (Gauntlet)
  A green death (Gauntlet)
  6 merfolk impalers
  An ettin (Orc:1)
  2 deep elf death magi
  Josephine (D:12)
  4 merfolk javelineers
  5 deep elf high priests
  A rakshasa (D:15)
  5 boulder beetles
  11 hydras
  A radroach (Spider:2)
  3 caustic shrike simulacra (IceCv)
  4 centaur warriors
  Erica (D:8)
  A catoblepas (Shoals:2)
  An ogre mage (D:15)
  9 two-headed ogres
  A merfolk avatar (Shoals:2)
  4 merfolk aquamancers
  An alligator snapping turtle (Shoals:3)
  2 satyrs
  15 dancing weapons
  6 death yaks
  A tengu warrior (D:14)
  3 orc high priests
  Sonja (D:11)
  13 deep elf knights
  Nergalle (Lair:1)
  2 pharaoh ants (Spider:2)
  6 sea snakes
  2 steelbarb worms (Spider:1)
  12 deep elf archers
  An orb spider (Spider:2)
  Pikel (D:4)
  2 obsidian statues (IceCv)
  20 deep elf pyromancers
  32 deep elf zephyrmancers
  2 wizards (Elf:1)
  A spriggan simulacrum (IceCv)
  3 necromancers
  9 orc knights
  14 harpies
  7 orc sorcerers
  8 wolf spiders
  19 ugly things
  6 cyclopes
  11 manticores
  The ghost of Hyperion the Grappler, a novice VSIE of Sif Muna (D:6)
  9 fauns
  A shining eye (Gauntlet)
  10 merfolk sirens
  A worldbinder (Gauntlet)
  A moth of wrath (Spider:2)
  3 black mambas
  11 water nymphs
  Joseph (D:8)
  2 apocalypse crabs (Shoals:1)
  A torpor snail (Lair:4)
  2 gargoyles (D:13)
  27 cane toads
  2 orange demons (Gauntlet)
  A demonic crawler (Spider:2)
  An unseen horror (D:12)
  9 freezing wraiths
  3 rime drakes
  2 kobold demonologists (D:11)
  A komodo dragon (shapeshifter) (D:13)
  11 komodo dragons
  4 golden dragon simulacra (IceCv)
  8 trolls
  6 meliai
  An ice devil (IceCv)
  28 merfolk
  A queen bee (Gauntlet)
  9 tarantellas
  The ghost of Efemafry the Chopper, an amateur HOFi (D:4)
  8 wind drakes
  4 tyrant leeches (Lair:6)
  A hornet (D:7)
  Prince Ribbit (D:7)
  A polar bear (Lair:5)
  13 blink frogs
  6 dream sheep
  7 snapping turtles
  13 jumping spiders
  A centaur simulacrum (D:14)
  A culicivora (shapeshifter) (D:14)
  2 air elementals (Elf:2)
  A wyvern (D:10)
  9 culicivoras
  8 shadows
  5 wraiths
  2 vampires
  5 basilisks
  2 humans
  27 yaks
  A dire elephant simulacrum (Lair:1)
  15 water elementals
  4 fire elementals (Elf:1)
  26 redbacks
  2 golden eyes (Gauntlet)
  4 hogs (D:14)
  11 vampire mosquitoes
  3 steam dragons
  5 wargs
  2 acid dragons
  3 hell hounds (Elf:1)
  15 water moccasins
  An alligator simulacrum (IceCv)
  38 orc warriors
  3 ettin simulacra (IceCv)
  An ice beast (D:7)
  8 ogres
  A necrophage (D:8)
  A boggart (Gauntlet)
  27 wolves
  8 centaurs
  2 kobold brigands
  Blork the orc (Orc:2)
  21 bullfrogs
  A deep troll simulacrum (IceCv)
  A two-headed ogre simulacrum (Lair:1)
  A gnoll sergeant (D:9)
  2 earth elementals
  3 scorpions
  An elephant simulacrum (Lair:1)
  11 killer bees
  18 wights
  9 howler monkeys
  4 electric eels
  5 centaur zombies
  A bullfrog zombie (D:5)
  A gnoll shaman (D:8)
  2 jellies
  A water moccasin simulacrum (D:4)
  Crazy Yiuf (D:7)
  22 orc priests
  A bullfrog skeleton (D:5)
  3 centaur skeletons
  Jessica (D:2)
  2 iguanas
  34 orc wizards
  A wolf simulacrum (Lair:1)
  A hound zombie (D:5)
  2 scorpion simulacra (D:4)
  A mummy (Ossuary)
  2 howler monkey zombies
  15 gnolls
  A naga simulacrum (Lair:1)
  5 adders
  A shadow imp (D:6)
  A howler monkey simulacrum (D:4)
  A white imp (D:4)
  A worm (D:4)
  A dart slug (D:2)
  An adder simulacrum (D:4)
  81 orcs
  11 bats
  6 endoplasms
  3 giant cockroaches
  6 hobgoblins
  5 jackals
  A quokka (D:1)
  4 ball pythons
  5 frilled lizards
  8 gnoll skeletons (Ossuary)
  8 goblins
  2 goblin zombies (D:7)
  15 kobolds
  7 kobold skeletons (Ossuary)
  10 orc skeletons (Ossuary)
  A quokka simulacrum (D:4)
  3 rats
1126 creatures vanquished.

Vanquished Creatures (others)
  A deep elf death mage (Elf:3)
  A merfolk impaler (Shoals:4)
  A dancing weapon (Elf:3)
  A deep elf knight (Elf:2)
  A faun (Shoals:1)
  A boggart (Elf:1)
  An orc (Orc:2)
  21 fungi
  128 plants
156 creatures vanquished.

Grand Total: 1282 creatures vanquished

Notes
Turn   | Place    | Note
-------+----------+-------------------------------------------
     0 | D:1      | Peloso the Minotaur Fighter began the quest for the Orb.
     0 | D:1      | Reached XP level 1. HP: 19/19 MP: 0/0
   254 | D:1      | Reached XP level 2. HP: 27/27 MP: 1/1
   265 | D:1      | Reached skill level 4 in Shields
   595 | D:1      | Found a faded altar of an unknown god.
   979 | D:2      | Reached XP level 3. HP: 33/33 MP: 2/2
  1110 | D:2      | Noticed Jessica
  1113 | D:2      | Killed Jessica
  1235 | D:2      | Reached XP level 4. HP: 40/40 MP: 3/3
  1364 | D:2      | Found a glowing golden altar of the Shining One.
  1542 | D:2      | Gained mutation: You are agile. (Dex +2) [potion of
                  | mutation]
  1629 | D:3      | Reached skill level 1 in Dodging
  1735 | D:3      | Reached XP level 5. HP: 42/46 MP: 4/4
  2602 | D:4      | Noticed Efemafry's ghost (amateur HOFi)
  2708 | D:4      | Found a runed translucent gate.
  2708 | D:4      | Found a runed translucent gate.
  2708 | D:4      | Found a runed translucent gate.
  2793 | D:4      | Noticed Pikel
  2793 | D:4      | Noticed a lemure
  2793 | D:4      | Noticed a lemure
  2803 | D:4      | Noticed a lemure
  2806 | D:4      | Noticed a lemure
  2815 | D:4      | Killed Pikel
  2816 | D:4      | Reached skill level 5 in Fighting
  2816 | D:4      | Reached skill level 5 in Armour
  2816 | D:4      | Reached XP level 6. HP: 33/56 MP: 5/5
  2816 | D:4      | Reached XP level 7. HP: 36/61 MP: 6/6
  3560 | D:5      | Entered Level 5 of the Dungeon
  3623 | D:5      | Reached skill level 5 in Shields
  3936 | D:5      | Reached XP level 8. HP: 70/70 MP: 7/7
  3956 | D:5      | Identified the +2 ring mail of Imperfection {-Cast Regen+
                  | rCorr Str-5}
  4513 | D:6      | Found a runed translucent door.
  4513 | D:6      | Noticed Hyperion's ghost (novice VSIE)
  4538 | D:6      | Reached skill level 6 in Shields
  4662 | D:6      | Found a staircase to the Ecumenical Temple.
  4674 | Temple   | Entered the Ecumenical Temple
  4694 | Temple   | Became a worshipper of Warmaster Okawaru
  4963 | D:6      | Found a shadowy altar of Dithmenos.
  5184 | D:7      | Found a burning altar of Makhleb.
  5184 | D:7      | Noticed a hornet
  5190 | D:7      | Paralysed by a hornet for 2 turns
  5201 | D:7      | Killed a hornet
  5202 | D:7      | Reached XP level 9. HP: 39/78 MP: 8/8
  5211 | D:7      | Reached * piety under Okawaru
  5314 | D:7      | Noticed Prince Ribbit
  5333 | D:7      | Killed Prince Ribbit
  5451 | D:7      | Found a sand-covered staircase.
  5460 | Ossuary  | Entered an ossuary
  5538 | Ossuary  | Reached skill level 7 in Shields
  5758 | D:7      | Reached skill level 10 in Long Blades
  5938 | D:7      | Found a runed translucent door.
  5939 | D:7      | Noticed Crazy Yiuf
  6225 | D:7      | Killed Crazy Yiuf
  6378 | D:8      | Reached skill level 1 in Stealth
  6460 | D:8      | Reached ** piety under Okawaru
  6614 | D:8      | Noticed Joseph
  6624 | D:8      | Killed Joseph
  6633 | D:7      | Reached XP level 10. HP: 83/86 MP: 7/9
  6687 | D:7      | Reached *** piety under Okawaru
  6688 | D:7      | Reached skill level 8 in Shields
  6786 | D:8      | Noticed Erica
  6799 | D:8      | Killed Erica
  6800 | D:8      | Reached skill level 1 in Invocations
  7142 | D:9      | Noticed a two-headed ogre
  7147 | D:9      | Killed a two-headed ogre
  7147 | D:9      | Reached **** piety under Okawaru
  7148 | D:9      | Reached skill level 9 in Shields
  7589 | D:9      | Noticed a two-headed ogre
  7595 | D:9      | Killed a two-headed ogre
  7595 | D:9      | Reached ***** piety under Okawaru
  7895 | D:9      | Reached XP level 11. HP: 95/95 MP: 11/11
  8138 | D:10     | Entered Level 10 of the Dungeon
  8187 | D:10     | Reached skill level 10 in Shields
  8630 | D:10     | Received a gift from Okawaru
  8953 | D:10     | Noticed an eight-headed hydra
  8960 | D:10     | Killed a five-headed hydra
  8961 | D:10     | Reached skill level 10 in Armour
  9050 | D:10     | Reached skill level 5 in Dodging
  9350 | D:11     | Found Ecintuk's Assorted Antiques.
  9357 | D:11     | Bought a ruby potion for 18 gold pieces
  9451 | D:11     | Noticed Sonja
  9482 | D:11     | Killed Sonja
  9599 | D:11     | Found a staircase to the Orcish Mines.
  9632 | D:11     | Noticed a two-headed ogre
  9638 | D:11     | Killed a two-headed ogre
  9794 | D:11     | Found a staircase to the Lair.
  9818 | D:11     | Reached skill level 1 in Evocations
 10122 | D:11     | Reached skill level 11 in Shields
 10416 | Lair:1   | Entered Level 1 of the Lair of Beasts
 10877 | Lair:1   | Noticed Nergalle
 10887 | Lair:1   | Killed Nergalle
 11069 | Lair:1   | Reached XP level 12. HP: 106/106 MP: 12/12
 11232 | Lair:1   | Received a gift from Okawaru
 11392 | Lair:1   | Reached skill level 12 in Shields
 11531 | Lair:1   | Noticed a death yak
 11544 | Lair:1   | Killed a death yak
 11544 | Lair:1   | Received a gift from Okawaru
 11715 | Lair:1   | Identified the amulet of Lust {rElec rN++ Regen+ Dex-4
                  | Stlth+}
 12039 | Lair:2   | Found a sparkling altar of Nemelex Xobeh.
 12127 | Lair:2   | Reached skill level 10 in Fighting
 12571 | Lair:2   | Found a hole to the Spider Nest.
 12840 | Lair:2   | Reached skill level 13 in Shields
 13286 | Lair:3   | Noticed a five-headed hydra
 13294 | Lair:3   | Killed a one-headed hydra
 13325 | Lair:3   | Reached ****** piety under Okawaru
 13730 | Lair:3   | Reached skill level 15 in Long Blades
 13881 | Lair:3   | Identified the +9 scale mail of Quantum Leap {Str+4 SInv}
 14284 | Lair:4   | Noticed a four-headed hydra
 14288 | Lair:4   | Killed a one-headed hydra
 14288 | Lair:4   | Received a gift from Okawaru
 14376 | Lair:4   | Reached XP level 13. HP: 95/116 MP: 13/13
 14754 | Lair:4   | Found a staircase to the Shoals.
 15008 | Lair:4   | Reached skill level 14 in Shields
 15724 | Orc:1    | Entered Level 1 of the Orcish Mines
 16396 | Orc:2    | Entered Level 2 of the Orcish Mines
 16424 | Orc:2    | Found a staircase to the Elven Halls.
 16516 | Orc:1    | Noticed an ettin
 16520 | Orc:1    | Killed an ettin
 16669 | Orc:2    | Noticed an orc warlord
 16696 | Orc:1    | Killed an orc warlord
 16806 | Orc:2    | Noticed Blork the orc
 16817 | Orc:2    | Killed Blork the orc
 16888 | Orc:2    | Reached skill level 15 in Shields
 16913 | Orc:2    | Found Roillun's General Store.
 16969 | Orc:2    | Found Usonohod's Book Boutique.
 17149 | Orc:2    | Bought a potion of mutation for 120 gold pieces
 17284 | Orc:2    | Received a gift from Okawaru
 17561 | Orc:2    | Found Vaoffopp's Antique Armour Boutique.
 17627 | Orc:2    | Found Lietwi's Antique Weapon Boutique.
 17962 | D:12     | Noticed Nessos
 17963 | D:12     | Found a gate leading to a gauntlet.
 17970 | D:12     | Killed Nessos
 17987 | Gauntlet | Entered a Gauntlet
 17987 | Gauntlet | Found a transporter.
 17993 | Gauntlet | Found a transporter.
 17997 | Gauntlet | Found a transporter.
 18002 | Gauntlet | Found a transporter.
 18009 | Gauntlet | Found a transporter.
 18013 | Gauntlet | Found a transporter.
 18018 | Gauntlet | Found a transporter.
 18026 | Gauntlet | Found a transporter.
 18029 | Gauntlet | Found a transporter.
 18034 | Gauntlet | Found a transporter.
 18043 | Gauntlet | Found a transporter.
 18046 | Gauntlet | Found a transporter.
 18049 | Gauntlet | Noticed a green death
 18051 | Gauntlet | Found a transporter.
 18061 | Gauntlet | Found a transporter.
 18224 | Gauntlet | Gained mutation: You do not regenerate when monsters are
                  | visible. [a shining eye]
 18227 | Gauntlet | Lost mutation: You are agile. (Dex +2) [a shining eye]
 18231 | Gauntlet | Gained mutation: You are frail. (-10% HP) [a shining eye]
 18257 | Gauntlet | Identified the ring "Quciy" {Wiz rC+}
 18299 | Gauntlet | Reached XP level 14. HP: 114/114 MP: 12/14
 18383 | Gauntlet | Identified the ring of Zuzexi {Fire Will+ rCorr Int+10}
 18383 | Gauntlet | Identified the ring "Eteles" {MP+9 AC+4}
 18383 | Gauntlet | Identified the amulet of Iceluat {Faith Slay+5}
 18413 | D:12     | Noticed Josephine
 18426 | D:12     | Killed Josephine
 18432 | D:12     | Identified the +4 demon blade of Joyful Slaughter {pain,
                  | Fly rC+} (Okawaru gifted it to you on level 12 of the
                  | Dungeon)
 18432 | D:12     | Received a gift from Okawaru
 18456 | D:12     | Lost mutation: You are frail. (-10% HP) [potion of
                  | mutation]
 18456 | D:12     | Lost mutation: You do not regenerate when monsters are
                  | visible. [potion of mutation]
 18456 | D:12     | Gained mutation: You are somewhat resistant to further
                  | mutation. [potion of mutation]
 18519 | D:12     | Found Tep Diez's Book Boutique.
 18584 | D:12     | Found a portal to a secret trove of treasure.
 19202 | D:13     | Reached skill level 16 in Shields
 19670 | D:13     | Found Rithreusu's Weapon Shop.
 19675 | D:13     | Received a gift from Okawaru
 19894 | D:13     | Found a stormy altar of Qazlal.
 20006 | D:14     | Noticed Kirke
 20277 | D:14     | Killed Kirke
 20654 | D:14     | Identified the +20 crystal plate armour "Sougaut" {+Blink
                  | rPois Will+ Int+3} (Okawaru gifted it to you on level 14 of
                  | the Dungeon)
 20654 | D:14     | Received a gift from Okawaru
 20896 | D:14     | Found a gate to the Vaults.
 21056 | D:14     | Noticed Agnes
 21083 | D:14     | Killed Agnes
 21211 | D:14     | Noticed Roxanne
 21229 | D:14     | Killed Roxanne
 21230 | D:14     | Reached skill level 17 in Shields
 21264 | D:14     | Identified the +3 leather armour "Qupn" {rPois rCorr Dex-5
                  | Stlth+}
 22169 | Lair:5   | Found a staircase to the Slime Pits.
 22169 | Lair:5   | Found a viscous altar of Jiyva.
 23148 | D:15     | Entered Level 15 of the Dungeon
 23339 | D:14     | Received a gift from Okawaru
 23400 | D:15     | Received a gift from Okawaru
 23415 | D:15     | Reached XP level 15. HP: 78/137 MP: 16/16
 23781 | D:15     | Found a runed translucent gate.
 23782 | D:15     | Found a runed translucent gate.
 23783 | D:15     | Found a runed translucent gate.
 23786 | D:15     | Noticed Kuralita's ghost (journeyman OpTm)
 24050 | D:15     | Found a staircase to the Depths.
 24105 | D:15     | Identified the +4 falchion "Purin" {vorpal, rElec Int+8}
                  | (Okawaru gifted it to you on level 15 of the Dungeon)
 24105 | D:15     | Received a gift from Okawaru
 24130 | D:15     | Reached skill level 18 in Shields
 24555 | Lair:6   | Entered Level 6 of the Lair of Beasts
 25376 | Lair:6   | Identified the +6 scale mail of the Wasteland {Str+5}
                  | (Okawaru gifted it to you on level 6 of the Lair of Beasts)
 25376 | Lair:6   | Received a gift from Okawaru
 26378 | Lair:6   | Noticed Rupert
 26391 | Lair:6   | Killed Rupert
 26392 | Lair:6   | Reached skill level 19 in Shields
 26923 | D:4      | Killed Efemafry's ghost
 27054 | D:6      | Killed Hyperion's ghost
 27337 | D:15     | Killed Kuralita's ghost
 27365 | D:15     | Reached skill level 15 in Fighting
 27767 | Elf:1    | Entered Level 1 of the Elven Halls
 27787 | Elf:1    | Noticed a deep elf sorcerer
 28055 | Elf:1    | Killed a deep elf sorcerer
 28072 | Elf:1    | Received a gift from Okawaru
 28381 | Elf:1    | Reached XP level 16. HP: 132/149 MP: 17/17
 29260 | Elf:1    | Identified the -2 pair of gloves of Too Many Cooks {Fly}
                  | (Okawaru gifted it to you on level 1 of the Elven Halls)
 29260 | Elf:1    | Received a gift from Okawaru
 29663 | Elf:1    | Noticed Azrael
 29670 | Elf:1    | Reached skill level 15 in Armour
 29673 | Elf:1    | Killed Azrael
 30373 | Spider:1 | Entered Level 1 of the Spider Nest
 30781 | Spider:1 | Reached skill level 20 in Shields
 31268 | Spider:1 | Identified the +7 morningstar "Henleosa" {drain, rElec
                  | rCorr SInv}
 31803 | Shoals:1 | Entered Level 1 of the Shoals
 31803 | Shoals:1 | Found a frozen archway.
 31858 | IceCv    | Entered an ice cave
 32439 | IceCv    | Identified the +4 ring mail of the Orb {rF- rCorr Str+4
                  | Int+2} (Okawaru gifted it to you in an ice cave)
 32439 | IceCv    | Received a gift from Okawaru
 32813 | Shoals:1 | Found a runed translucent door.
 32825 | Shoals:1 | Found a corrupted altar of Lugonu.
 32825 | Shoals:1 | Found a one-way gate to the infinite horrors of the Abyss.
 33936 | Shoals:2 | Identified the +1 robe "Bes Liyq" {Harm *Slow rElec rN+++}
 33973 | Shoals:2 | Reached XP level 17. HP: 159/159 MP: 18/18
 33987 | Shoals:2 | Found Guudet's Specific Store.
 33989 | Shoals:2 | Found Nughutit's General Store.
 34432 | Shoals:2 | Reached skill level 21 in Shields
 34708 | Shoals:2 | Noticed Polyphemus
 34729 | Shoals:2 | Killed Polyphemus
 35565 | Shoals:3 | Identified the +9 falchion of Blue Gallantry {pain, rPois}
                  | (Okawaru gifted it to you on level 3 of the Shoals)
 35565 | Shoals:3 | Received a gift from Okawaru
 36865 | Shoals:4 | Entered Level 4 of the Shoals
 36865 | Shoals:4 | Found a white marble altar of Elyvilon.
 37392 | Shoals:4 | Received a gift from Okawaru
 38600 | Shoals:4 | Identified the +4 arbalest of Gloom {elec, rC+ rN+ rCorr}
 38606 | Shoals:3 | HP: 8/161 [poisoned by a merfolk impaler]
 39851 | Shoals:4 | Identified the +2 bardiche of Bodily Humours {flame, rPois
                  | rCorr}
 40067 | Shoals:4 | Found a shimmering blue altar of Sif Muna.
 40500 | Shoals:4 | Got a barnacled rune of Zot
 40682 | Spider:2 | Reached skill level 22 in Shields
 41428 | Spider:2 | Identified the +0 pair of gloves of Fun and Games {Regen+
                  | rCorr Str+3} (Okawaru gifted it to you on level 2 of the
                  | Spider Nest)
 41428 | Spider:2 | Received a gift from Okawaru
 41653 | Spider:2 | Noticed Asterion
 41664 | Spider:2 | Killed Asterion
 41691 | Spider:2 | Reached XP level 18. HP: 170/170 MP: 19/19
 42770 | Elf:2    | Paralysed by an air elemental for 1 turns
 42773 | Elf:2    | Paralysed by an air elemental for 1 turns
 42959 | Elf:2    | Paralysed by an air elemental for 1 turns
 42964 | Elf:2    | Paralysed by an air elemental for 1 turns
 43124 | Elf:2    | Found a runed translucent gate.
 43124 | Elf:2    | Found a runed translucent gate.
 43124 | Elf:2    | Found a runed translucent gate.
 43707 | Elf:3    | Entered Level 3 of the Elven Halls
 44092 | Elf:3    | Identified the +6 kite shield of the Locust {Str+5}
                  | (Okawaru gifted it to you on level 3 of the Elven Halls)
 44092 | Elf:3    | Received a gift from Okawaru
 44367 | Elf:3    | Noticed Bai Suzhen
 44397 | Elf:2    | Killed Bai Suzhen
 44613 | Elf:3    | Reached skill level 23 in Shields
 44885 | Elf:3    | Noticed Donald
 44897 | Elf:3    | HP: 6/173 [deep elf annihilator/iron shot (55)]
 45327 | Elf:3    | Identified the +4 chain mail "Cueres" {+Blink Slay+3}
                  | (Okawaru gifted it to you on level 3 of the Elven Halls)
 45327 | Elf:3    | Received a gift from Okawaru
 45363 | Elf:3    | Identified the +10 battleaxe of Ragnarok {flame, rF+ Str+2}
 45366 | Elf:3    | Identified the +6 battleaxe of Overwhelming Force {vorpal,
                  | rF++ Int+4}
 45367 | Elf:3    | Identified the +7 morningstar "Qoegaq" {flame, *Rage rC+
                  | Str+2}
 45531 | Elf:3    | Identified the +9 shortbow of Integrity {speed, Fragile
                  | rPois rN+++ Int-3}
 45531 | Elf:3    | Identified the +11 scythe of Bucum {pain, Drain rPois rF+
                  | Int+6}
 45632 | Elf:3    | Identified the ring "Vodosen" {EV+4 Slay+3}
 45640 | Elf:3    | Noticed a Tzitzimitl
 45946 | Elf:3    | Identified the +3 short sword of the Inferno {freeze,
                  | *Corrode rF++ rN+++ Will-}
 45967 | Elf:3    | Killed from afar by a deep elf annihilator

Illustrated notes

Levels and vault maps discovered:
D:1:      scummos_arrival_simple_crosswalls, layout_basic,
          ebering_ecumenical_altar_sacrificial, minivault_5
D:2:      layout_rooms, basic_altar, uniq_jessica
D:3:      layout_basic
D:4:      layout_loops_cross, gammafunk_ghost_icy, kennysheep_decorative_pillar,
          uniq_pikel
D:5:      layout_basic
D:6:      layout_rooms, kennysheep_little_box,
          minmay_temple_entry_gardened_gates, hellmonk_ghost_happy_afterlife,
          minivault_22
D:7:      layout_basic, enter_ossuary_4, minmay_ruined_shrine,
          uniq_prince_ribbit1, uniq_crazy_yiuf_cottage
D:8:      layout_cave_pools, hex_medium, nrook_campfire,
          kennysheep_generic_room_4, uniq_erica, uniq_joseph
D:9:      minmay_spotlight, layout_loops_ring, kennysheep_generic_room_5
D:10:     layout_loops_ring, feat_on_display
D:11:     layout_roguey, erik_lair_orcish_takeover, erik_orc_4, serial_shops,
          nicolae_shop_overgrown_old_shop, uniq_sonja
D:12:     layout_basic, enter_trove_3, gauntlet_entry_generic, serial_shops,
          shop, uniq_josephine, uniq_nessos
D:13:     layout_roguey, serial_shops, shop, nicolae_qazlal_style_of_elements
D:14:     layout_grid_maze, david_vaults_1, st_stairs_8, uniq_kirke, uniq_agnes,
          uniq_roxanne
D:15:     grunt_enter_depths_magical_seal, layout_cave_pools,
          biasface_ghost_orc_armoury, minmay_crystal_water
Temple:   dpeg_three_leaves_temple
Lair:1:   dreamdust_isle_of_ice, layout_regular_city, lemuel_fruit_tree,
          grunt_megastairs_4, uniq_nergalle
Lair:2:   layout_small_grid, nicolae_spider_entry_tight_spaces, basic_altar,
          hibernation_bobbens
Lair:3:   layout_roguey, serial_bayou_shore_a
Lair:4:   layout_regular_city, minmay_shoals_entry_beasts, grunt_megastairs_5
Lair:5:   layout_roguey, slime_altar_1, lemuel_fruit_fields
Lair:6:   minmay_lair_end_frog_pond, layout_cave_pods,
          infiniplex_staircase_pool, uniq_rupert
Shoals:1: layout_shoals, portal_ice_cave_entry_pillars_2,
          nicolae_shoals_abyss_on_the_beach
Shoals:2: layout_shoals, nicolae_specific_store, nicolae_shoals_land_atoll,
          uniq_polyphemus
Shoals:3: layout_shoals
Shoals:4: shoals_end_grunt_ice, layout_shoals, hangedman_feature_mirror
Spider:1: layout_spider_delve
Spider:2: layout_chambers, nicolae_spider_wall_of_niches, uniq_asterion
Orc:1:    layout_caves
Orc:2:    grunt_orc_cross, layout_caves, basic_altar
Elf:1:    nicolae_elf_arrival_fired_up, layout_geoelf_octagon,
          hangedman_elf_disciples, uniq_azrael
Elf:2:    nicolae_elf_blades_splatter_lattice [nicolae_blade_little_rooms],
          layout_geoelf_octagon
Elf:3:    nooodl_elf_gasket, layout_rooms, due_unseen_surprise, uniq_bai_suzhen,
          uniq_donald

Skill      XL: |  1  2  3  4  5  6  7  8  9 10 11 12 13 14 15 16 17 18 |
---------------+-------------------------------------------------------+-----
Shields        | 4 5 6 7 9 11 13 15 17 19 20 22 23 | 23.6
Armour         | 4 5 6 7 8 9 10 12 13 14 15 17 | 17.8
Fighting       | 4 5 6 7 8 9 11 12 13 15 16 17 18 | 18.6
Long Blades    | 3 4 6 7 9 10 12 13 15 16 17 18 19 20 | 20.7
Dodging        | 1 2 3 4 5 6 7 |  7.6
Stealth        | 1 2 3 |  3.1
Invocations    | 1 2 3 |  3.9
Evocations     | 1 |  1.6

Action                   |  1- 3 |  4- 6 |  7- 9 | 10-12 | 13-15 | 16-18 || total
-------------------------+-------+-------+-------+-------+-------+-------++-------
Melee: Long sword        |    80 |    91 |   283 |    52 |       |       ||   506
       Headbutt          |     6 |    18 |    64 |   151 |   303 |   451 ||   993
       Scimitar          |       |       |       |   594 |   496 |       ||  1090
       Demon blade       |       |       |       |       |   777 |  1619 ||  2396
Invok: Heroism           |       |       |     3 |    13 |    27 |    17 ||    60
Evoke: Wand              |       |       |       |     7 |     8 |       ||    15
  Use: Potion            |       |     4 |     1 |     2 |     3 |     5 ||    15
       Scroll            |       |     2 |    17 |     3 |     5 |     4 ||    31
Armor: Scale mail        |    43 |    59 |    38 |    75 |   212 |       ||   427
       Chain mail        |       |       |    93 |   127 |       |       ||   220
       Plate armour      |       |       |       |   112 |       |       ||   112
       Crystal plate arm |       |       |       |       |   464 |  1064 ||  1528
Dodge: Dodged            |    31 |    42 |    72 |   228 |   336 |   406 ||  1115
Block: Buckler           |    18 |    21 |   138 |   379 |       |       ||   556
       Reflection        |       |       |     4 |    10 |     9 |       ||    23
       Kite shield       |       |       |       |     5 |  1206 |  1332 ||  2543
